Cogmind - Beta 13 @@@ ROGUE MODE // 2024.04.12 @ 11:31:10 Player: Bean Result: Destroyed by D-53 Grenadier with Mini Grenade Launcher Performance ------------- Evolutions (1) 500 Regions Visited (4) 800 Robots Destroyed (23) 115 Value Destroyed (566) 566 Prototype IDs (0) 0 Alien Tech Used (0) 0 Bonus (0) 0 TOTAL SCORE: 1981 Bonus ------- None Cogmind --------- Core Integrity 0/400 Matter 99/300 Energy 98/100 System Corruption 0% Temperature Cool (0) Movement Core (50) Location -9/Mines Parts ------- > --- POWER (1) -------- (None) > --- PROPULSION (2) --- (None) > --- UTILITY (4) ------ Signal Interpreter Terrain Scan Processor > --- WEAPON (2) ------- (None) > --- INVENTORY (5) ---- Cooling System Propulsion Shielding Heavy Battle Rifle Improved Light Cannon Peak State ------------ > --- POWER ------------ Ion Engine > --- PROPULSION ------- Aluminum Leg Aluminum Leg > --- UTILITY ---------- Cooling System Small Storage Unit Signal Interpreter Hacking Suite > --- WEAPON ----------- Small Laser Assault Rifle > --- INVENTORY -------- Ion Engine EM Pulse Gun Improved Light Cannon Grenade Launcher Datajack [Rating: 12] Favorites ----------- Power Ion Engine Engine Ion Engine Propulsion Aluminum Leg Treads Light Treads Leg Aluminum Leg Utility Small Storage Unit Device Sensor Array Storage Small Storage Unit Processor Signal Interpreter Hackware Hacking Suite Protection Propulsion Shielding Weapon Small Laser Energy Gun Small Laser Ballistic Gun Assault Rifle Ballistic Cannon Improved Light Cannon Launcher Grenade Launcher Special Melee Weapon Datajack Build | -11 -10 -10 -9 -9 ------- Run | Yrd Mat Min Mat Min Slots Evolved 2 | . . . 2 . Power . | . . . . . Propulsion . | . . . . . Utility 2 | . . . 2 . Weapon . | . . . . . Parts Attached 35 | 6 12 . 17 . Power 2 | 1 . . 1 . Engine 2 | 1 . . 1 . Core . | . . . . . Reactor . | . . . . . Propulsion 5 | 2 2 . 1 . Treads 1 | . . . 1 . Leg 4 | 2 2 . . . Wheel . | . . . . . Hover . | . . . . . Flight . | . . . . . Utility 9 | 1 2 . 6 . Device 4 | . 1 . 3 . Storage 1 | 1 . . . . Processor 2 | . . . 2 . Hackware 1 | . 1 . . . Protection 1 | . . . 1 . Artifact . | . . . . . Weapon 19 | 2 8 . 9 . Energy Gun 5 | 1 2 . 2 . Energy Cannon . | . . . . . Ballistic Gun 4 | 1 1 . 2 . Ballistic Cannon 4 | . 2 . 2 . Launcher 5 | . 3 . 2 . Special Weapon . | . . . . . Impact Weapon . | . . . . . Slashing Weapon . | . . . . . Piercing Weapon . | . . . . . Special Melee Weapon 1 | . . . 1 . Unidentified Prototypes . | . . . . . Parts Lost 15 | . 1 . 12 2 Power 2 | . . . 1 1 Propulsion 3 | . . . 3 . Utility 3 | . . . 3 . Weapon 7 | . 1 . 5 1 Highest Loss Streak 9 | . 1 . 9 3 To Critical Strikes . | . . . . . Average Slot Usage (%) 92 | . 97 85 95 53 Engine 11 | . 14 14 10 4 Leg 22 | . 28 28 19 . Device 7 | . 6 . 10 7 Storage 11 | . 14 14 10 . Processor 6 | . . . 11 22 Hackware 8 | . 7 14 9 . Energy Gun 12 | . 14 14 13 . Ballistic Gun 3 | . 6 . . . Ballistic Cannon 4 | . 4 . 4 7 Naked Turns . | . . . . . Heaviest Build 17 | 14 17 11 16 13 Greatest Support 20 | 20 20 20 20 3 Greatest Overweight (x) 4 | . . . 4 4 Average Overweight (x) . | . . . . . Largest Inventory Capacity 8 | 8 8 8 8 5 Average Capacity 7 | 6 8 8 7 5 Most Carried 8 | 5 8 8 7 4 Average Carried 5 | 2 7 8 4 1 Final Capacity 8 | 8 8 8 5 5 Final Carried 8 | 2 8 8 . 4 Class Distribution -------------------- 52% | Scavenger-Mutant 47% | Mutant Dominant Class ---------------- Mutant | -10/Materials Scavenger-Mutant | -10/Mines Scavenger-Mutant | -9/Materials Mutant | -9/Mines Resources | -11 -10 -10 -9 -9 ----------- Run | Yrd Mat Min Mat Min Matter Collected 566 | 251 194 . 121 . Remotely . | . . . . . Salvage Created 476 | . 308 . 168 . Parts 34 | . 22 . 12 . Haulers Intercepted 1 | . . . 1 . Recyclers Shooed 1 | . . . 1 . Parts Field Recycled . | . . . . . Retrieved Matter . | . . . . . Parts Self-Destructed . | . . . . . Prevented . | . . . . . Kills | -11 -10 -10 -9 -9 ------- Run | Yrd Mat Min Mat Min Combat Hostiles Destroyed 15 | . 9 . 6 . Guns 6 | . 6 . . . Cannons 1 | . 1 . . . AOE 8 | . 2 . 6 . Classes Destroyed 8 | . 5 . 3 . Worker 1 | . 1 . . . Builder 1 | . . . 1 . Hauler 1 | . . . 1 . Operator 1 | . 1 . . . Watcher 4 | . 3 . 1 . Swarmer 5 | . 3 . 2 . Grunt 8 | . 6 . 2 . Sentry 2 | . . . 2 . Best Kill Streak 6 | . 6 . 4 . Combat Bots Only 3 | . 3 . 3 . Max Kills in Single Turn 2 | . 1 . 2 . Gunslinging . | . . . . . Exploded 2 | . 1 . 2 . Melee . | . . . . . Uniques/NPCs Destroyed . | . . . . . Combat | -11 -10 -10 -9 -9 -------- Run | Yrd Mat Min Mat Min Hostile Shots Fired 167 | . 74 . 66 27 Missed 48 | . 20 . 22 6 Damage Taken 1794 | . 671 . 797 326 Core 539 | . 128 . 243 168 Absorbed by Shields . | . . . . . Redirected to Shielding 13 | . . . 13 . Core Remaining (%) 74 | 100 . 48 . . Volleys Fired 58 | . 38 . 20 . Largest 2 | . 2 . 2 . Hottest 90 | . 90 . 80 . Shots Fired 96 | . 64 . 32 . Gun 70 | . 53 . 17 . Cannon 4 | . 1 . 3 . Launcher 22 | . 10 . 12 . Special . | . . . . . Kinetic 26 | . 23 . 3 . Thermal 35 | . 26 . 9 . Explosive 22 | . 10 . 12 . Electromagnetic 13 | . 5 . 8 . Robot Hit Streak 9 | . 8 . 9 . Robot Miss Streak 4 | . 2 . 4 . Penetration Max . | . . . . . Secondary Targets 1 | . 1 . . . Max Gunslinging Chain 1 | . 1 . . . Shots Hit Robots 64 | . 44 . 20 . Core Hits 40 | . 21 . 19 . Critical Kills . | . . . . . Critical Parts Destroyed . | . . . . . Critical Strikes . | . . . . . Melee Attacks 5 | . . . 5 . Impact . | . . . . . Slashing . | . . . . . Piercing . | . . . . . Sneak Attacks 1 | . . . 1 . Combat Hostiles . | . . . . . Follow-up Attacks . | . . . . . Damage Inflicted 1667 | . 980 . 687 . Guns 602 | . 539 . 63 . Cannons 21 | . 21 . . . Explosions 1041 | . 420 . 621 . Melee . | . . . . . Ramming 3 | . . . 3 . Kinetic 273 | . 273 . . . Thermal 257 | . 205 . 52 . Explosive 1041 | . 420 . 621 . Electromagnetic 93 | . 82 . 11 . Impact . | . . . . . Slashing . | . . . . . Piercing . | . . . . . Highest Corruption . | . . . . . Average Corruption . | . . . . . Corruption Purged . | . . . . . Corruption Blocked . | . . . . . Overload Shots . | . . . . . Overflow Damage 117 | . 26 . 91 . Projectiles . | . . . . . Explosions 117 | . 26 . 91 . Melee . | . . . . . Knockbacks . | . . . . . Impact . | . . . . . Kinetic . | . . . . . Secondary . | . . . . . Self-Inflicted Damage 250 | . 69 . 181 . Shots 8 | . 2 . 6 . Rammed 1 | . . . 1 . Targets Rammed 2 | . . . 2 . Kicked 1 | . . . 1 . Crushed . | . . . . . Highest Temperature 198 | . 198 . 33 . Average Temperature 78 | . 92 . 11 . Received Heat Transfer 645 | . 309 . 246 90 Siege Activations . | . . . . . Robots Corrupted . | . . . . . Combat Hostiles . | . . . . . Parts Fried . | . . . . . Impact Corruptions . | . . . . . Robots Melted . | . . . . . Combat Hostiles . | . . . . . Parts Melted 1 | . 1 . . . Heat Transferred 694 | . 569 . 125 . Parts Sabotaged . | . . . . . Parts Stolen . | . . . . . Parts Stripped . | . . . . . Power Chain Reactions . | . . . . . Alert | -11 -10 -10 -9 -9 ------- Run | Yrd Mat Min Mat Min Peak Influence 172 | . 166 40 172 24 Initial 40 | . . 40 15 9 Average 53 | . 62 40 59 7 Maximum Alert Level . | . . . . . Low Security (%) 100 | 100 100 100 100 100 Level 1 . | . . . . . Level 2 . | . . . . . Level 3 . | . . . . . Level 4 . | . . . . . Level 5 . | . . . . . High Security . | . . . . . Max Security . | . . . . . Squads Dispatched 3 | . 2 . 1 . Investigation 3 | . 2 . 1 . Extermination . | . . . . . Reinforcement . | . . . . . Assault . | . . . . . Garrison . | . . . . . Intercept . | . . . . . Searches Triggered . | . . . . . Construction Impeded . | . . . . . Haulers Reinforced . | . . . . . Active Scanning Responses . | . . . . . Cargo Convoy Interrupts . | . . . . . Stealth | -11 -10 -10 -9 -9 --------- Run | Yrd Mat Min Mat Min Distress Signals 2 | . 1 . 1 . Communications Jammed . | . . . . . Distress Signals . | . . . . . Times Spotted 37 | . 17 . 16 4 Peak Tracking Total 7 | . 5 . 7 4 Tactical Retreats 2 | . 1 . 1 . Traps | -11 -10 -10 -9 -9 ------- Run | Yrd Mat Min Mat Min Traps Triggered . | . . . . . Indirectly . | . . . . . Trap Hack Attempts . | . . . . . Triggered . | . . . . . Disarmed . | . . . . . Reprogrammed . | . . . . . Reused . | . . . . . Traps Extracted . | . . . . . Installed . | . . . . . Triggered . | . . . . . Machines | -11 -10 -10 -9 -9 ---------- Run | Yrd Mat Min Mat Min Machines Disabled 4 | . 2 . 2 . Max in Single Turn 1 | . 1 . 1 . Machines Repaired . | . . . . . Machines Dismantled . | . . . . . Machines Sabotaged . | . . . . . Overloaded Fab Kills . | . . . . . Hacking | -11 -10 -10 -9 -9 --------- Run | Yrd Mat Min Mat Min Machines Accessed 6 | . 4 . 2 . Terminals 4 | . 2 . 2 . Fabricators . | . . . . . Repair Stations . | . . . . . Recycling Units 2 | . 2 . . . Scanalyzers . | . . . . . Garrison Access . | . . . . . Total Hacks 26 | . 15 . 11 . Successful 12 | . 6 . 6 . Failed 14 | . 9 . 5 . Catastrophic 1 | . 1 . . . Database Lockouts . | . . . . . Manual 24 | . 14 . 10 . Terminals 21 | . 10 . 11 . Fabricators . | . . . . . Repair Stations . | . . . . . Recycling Units 5 | . 5 . . . Scanalyzers . | . . . . . Garrison Access . | . . . . . Terminal Hacks 7 | . 3 . 4 . Record 1 | . . . 1 . Terminal Index 2 | . 1 . 1 . Alert Level 1 | . 1 . . . Unreport Threat 3 | . 1 . 2 . Fabricator Hacks . | . . . . . Repair Station Hacks . | . . . . . Recycling Unit Hacks . | . . . . . Scanalyzer . | . . . . . Garrison Access Hacks . | . . . . . Unauthorized Hacks 5 | . 3 . 2 . Terminals 3 | . 1 . 2 . Botnet 3 | . 1 . 2 . Fabricators . | . . . . . Repair Stations . | . . . . . Recycling Units 2 | . 2 . . . Mask 2 | . 2 . . . Scanalyzers . | . . . . . Garrison Access . | . . . . . Data Cores Recovered . | . . . . . Used . | . . . . . Hacking Detections 5 | . 3 . 2 . Full Trace Events 3 | . 2 . 1 . Feedback Events . | . . . . . Feedback Blocked . | . . . . . Robot Schematics Acquired . | . . . . . Robots Built . | . . . . . Authchips . | . . . . . Time . | . . . . . Total Robot Build Rating . | . . . . . Part Schematics Acquired . | . . . . . Parts Built . | . . . . . Authchips . | . . . . . Time . | . . . . . Total Part Build Rating . | . . . . . Parts Repaired . | . . . . . Time . | . . . . . Parts Recycled . | . . . . . Recycled Matter . | . . . . . Retrieved Matter . | . . . . . Retrieved Components . | . . . . . Parts Scanalyzed . | . . . . . Part Schematics Acquired . | . . . . . Parts Damaged . | . . . . . Bothacking | -11 -10 -10 -9 -9 ------------ Run | Yrd Mat Min Mat Min Used RIF Installer . | . . . . . Robots Hacked 2 | . . . 2 . Non-combat 1 | . . . 1 . Combat 1 | . . . 1 . Robot Hacks Applied 2 | . . . 2 . parse_system 2 | . . . 2 . Relay Couplers Released . | . . . . . Fabnet Peak Effective % . | . . . . . Robots Rewired . | . . . . . Allies Hacked . | . . . . . Hacks Repelled . | . . . . . Allies | -11 -10 -10 -9 -9 -------- Run | Yrd Mat Min Mat Min Total Allies . | . . . . . Largest Group . | . . . . . Highest-Rated Group . | . . . . . Highest-Rated Ally . | . . . . . Total Orders . | . . . . . Ally Attacks . | . . . . . Total Damage . | . . . . . Kills . | . . . . . Allies Corrupted . | . . . . . Allies Melted . | . . . . . Intel | -11 -10 -10 -9 -9 ------- Run | Yrd Mat Min Mat Min Robot Analysis Total . | . . . . . Derelict Logs Recovered 1 | . . 1 . . Drone Launches . | . . . . . Drone Recoveries . | . . . . . Exploration | -11 -10 -10 -9 -9 ------------- Run | Yrd Mat Min Mat Min Turns Passed 1187 | 64 489 86 479 69 Spaces Moved 769 | 45 279 72 307 66 Core 82 | 11 . . 5 66 Treads 22 | . . . 22 . Legs 665 | 34 279 72 280 . Wheels . | . . . . . Hover . | . . . . . Flight . | . . . . . Fastest Speed 50 | 50 120 120 100 50 Average Speed 118 | 102 120 120 123 97 Slowest Speed 250 | 120 120 120 250 250 Overloaded Moves . | . . . . . Propulsion Burnouts . | . . . . . Robots Hopped . | . . . . . Cave-ins Triggered . | . . . . . Exploration Rate (%) 22 | 4 44 22 22 22 Regions Visited 4 Branch Regions 2 Pre-discovered Areas . | . . . . . Known Exits Taken 1 | . . . 1 . Unknown Exits Taken 3 | 1 1 1 . . Scrap Searched . | . . . . . Spaces Dug . | . . . . . Terrain Destroyed 112 | . 43 . 69 . Melee . | . . . . . Projectile . | . . . . . AOE 112 | . 43 . 69 . Terrain Rammed . | . . . . . Walls Destroyed . | . . . . . Machines Disabled . | . . . . . Actions | -11 -10 -10 -9 -9 --------- Run | Yrd Mat Min Mat Min Total 945 | 62 368 71 372 72 Wait 45 | 4 22 . 17 2 Move 765 | 44 278 71 306 66 Hop . | . . . . . Pick Up 26 | 8 12 . 5 1 Fast Attach . | . . . . . Attach 22 | 6 3 . 13 . Detach 4 | . 1 . . 3 Swap 13 | . 9 . 4 . Drop 5 | . 5 . . . Fire 58 | . 38 . 20 . Melee 5 | . . . 5 . Ram . | . . . . . Kick 1 | . . . 1 . Crush 1 | . . . 1 . Escape Stasis . | . . . . . Rewire . | . . . . . Trap . | . . . . . Miscellaneous . | . . . . . Route ------- -11/Scrapyard -10/Materials (discovered 3 exits: *Mat x2 / [*Min]) -10/Mines -9/Materials -9/Mines History --------- Turn | Location | Event 6 | -11/Scrapyard | Discovered new exit (range 14) 65 | -11/Scrapyard | Entered Materials 324 | -10/Materials | Build established: Mutant 349 | -10/Materials | Discovered new exit (range 5) 487 | -10/Materials | Discovered new exit (range 8) 493 | -10/Materials | Discovered new exit (range 16) 531 | -10/Materials | Core integrity fell below 50% 554 | -10/Materials | Entered Mines 629 | -10/Mines | Discovered new exit (range 9) 640 | -10/Mines | Entered Materials 640 | -9/Materials | Evolved 2 slots: Utility x2 707 | -9/Materials | Build established: Scavenger-Mutant 1098 | -9/Materials | Discovered new exit (range 12) 1104 | -9/Materials | Lost 9 parts (1p2n3u3w) 1105 | -9/Materials | Core integrity fell below 50% 1116 | -9/Materials | Identified exit to Mines 1119 | -9/Materials | Entered Mines 1144 | -9/Mines | Core integrity fell below 20% 1165 | -9/Mines | Assembled infested the area 1177 | -9/Mines | Lost 3 parts (1p1n1w) 1181 | -9/Mines | A weapon hastily lodged in a ceiling crevice suddenly fell to the ground 1188 | -9/Mines | Destroyed by D-53 Grenadier with Mini Grenade Launcher Last Messages --------------- Reading system data... The unstable cave ceiling collapses. K-01 Serf collects debris. EXIT=IDENTIFIED: MINES Sneak attack on R-06 Scavenger. Jacked R-06 Scavenger... Lgt. Treads destroyed. LOCATION=MINES GOAL=ESCAPE Something is scanning the area. Datajack destroyed. Ion Engine destroyed. ALERT: Infestation in the mines, dispatching Demolisher response squad. C-30 ARC bursts open, deploying its payload. D-53 Grenadier unfolds itself. A Hvy. Battle Rifle has been hastily shoved under some rubble with a note attached: "To battle!" Acquired Hvy. Battle Rifle. Map ----- +----------------------------------------------------+ | ????????????????????????????????????# ###??# ???? | | ???????????????????????????????###### ##?# #???? | | ??????????????????????????????## ## ### ##??? | | ??????????????????????????????# ##?? | | ???????????????????############ ### | | ???????????????????# ## # | | ???????????????????# ## ##### | | ???????????????????# ##################???## | | ???????????????????# #????????????????????## | | ???????????????????# #???????????????????## | | ???????????????????# ##?????????????????## | | ??????????????????## ##???????????????## | | ????????########### ##??????????###?# | | ????????# "%" #?????????##" ## | | ????????????### ##????????#"" # | | ??????????????# ##???????#[! / | | ??????????????## #???????#!/ / | | ???????????????##### #???????#"" # | | ???????????????????## #???????##" ## | | ????????????????????# ##????????###?### | | ????????????????????# ##???????????????## | | ????????????????????# ##?????????????????## ### | | ????????????????????# ####???????????????####?? | | ????????????????????## d ##???????????????????? | | ????????????????????# d ##??????????????????? | | ?????????????????????# @ #??????????????????? | | ?????????????????????## ##??????????????????? | | ??????????????????????# #???????????????????? | | ??????????????????????##### #???????????????????? | | ???????????????????????????###???????????????????? | | ?????????????????????????????????????????????????? | | ?????????????????????????????????????????????????? | | ?????????????????????????????????????????????????? | | | | | | | | | | | | | | | | | | | | | | | | | | | | | | | | | | | +----------------------------------------------------+ Best States ------------- Heat Dissipation 50 Coolant Potential 50 Energy Generation 10 Energy Capacity 250 Matter Stores 291 Matter Capacity 300 Sight Range 16 Robot Scan Range 14 Terrain Scan Density 85 Propulsion Shielding 33 Evasion (%) 55 Recoil Reduction 1 Offensive Hacking 10 Item Schematics ----------------- None Robot Schematics ------------------ None Fabricated ------------ Nothing Alien Tech Used ----------------- None Achievements -------------- None Challenges ------------ None Game ------ Seed MicrowarpSpectralProtection Manual? 0 Play Time 00:15:20 Cumulative 13.0 hours Start 2024.04.12 @ 11:15:32 End 2024.04.12 @ 11:31:10 Sessions 1 Manual Loads 0 Difficulty Rogue Special Mode None Game No. 33 Rogue 33 Adventurer 0 Explorer 0 Win Type - Total 0 Types 0/0/0/0/0/0/0/0/0 Lore% 19 Gallery% 23 Achievement% 21 Wizard Run 0 Options --------- Layout 2 ASCII 0 Keyboard 0 Movement Numpad Keybinds 0 Fullscreen 1 Font 24/Smallcaps Map View 50x44 Zoom Use 0% Tactical HUD 0 Map Filters NONE Filters NONE Steam 1 RUN: fd777e0a-417c-4fe8-8aef-82964028d25d